Map: [ESL] Data-C

Players

Vindicta

  • Race: Terran Terran
  • Spawn Location: 3:00

Neeb - Winner!

  • Race: Protoss Protoss
  • Spawn Location: 9:00

Event: DreamHack SC2 Masters 2022 Atlanta (Online)

VOD

Have the link to the VOD?

Description

Time

  • Played on: Oct. 4, 2022, 3:30 p.m.
  • Length: 9:06

All games in this series

Show
View Real Time Build Order
Export as new Build Order

Vindicta Terran 

Build Orders:  

Get SALT Encoding   

  12  0:00  SCV  
  13  0:12  SCV  
  14  0:17  Supply Depot  
  14  0:24  SCV  
  15  0:39  SCV  
  15  0:40  Barracks  
  16  0:45  Refinery  
  16  0:51  SCV  
  16  0:54  Refinery  
  17  1:03  SCV  
  18  1:06  Supply Depot  
  18  1:15  SCV  
  19  1:27  Reaper  
  19  1:31  Orbital Command  
  20  1:46  Factory  
  20  1:58  SCV  
  20  2:01  Barracks Reactor  
  21  2:10  SCV  
  22  2:21  Command Center  
  22  2:23  SCV  
  23  2:31  Widow Mine  
  25  2:37  SCV  
  25  2:39  Supply Depot, Marine  
  27  2:46  Starport  
  27  2:50  Marine  
  28  2:57  Marine  
  30  3:00  Widow Mine  
  30  3:04  SCV  
  31  3:08  Marine  
  32  3:15  Marine  
  32  3:16  SCV  
  34  3:22  Factory Tech Lab  
  34  3:24  Starport Reactor  
  34  3:26  Medivac  
  36  3:28  SCV, Marine  
  36  3:33  Orbital Command  
  38  3:36  Marine  
  38  3:40  SCV  
  40  3:46  Siege Tank  
  43  3:48  Marine  
  43  3:53  Orbital Command  
  43  3:54  Marine  
  43  3:55  SCV  
  46  4:05  Barracks  
  46  4:06  Marine  
  46  4:07  SCV  
  48  4:11  Marine  
  48  4:14  Liberator  
  52  4:25  Supply Depot  
  52  4:26  SCV x2  
  54  4:33  Supply Depot  
  54  4:43  Marine  
  54  4:45  SCV, Marine  
  54  4:46  Siege Tank  
  57  4:54  Barracks  
  57  4:58  SCV  
  58  5:01  Barracks Tech Lab  
  58  5:02  Bunker  
  58  5:03  SCV  
  55  5:09  Marine  
  55  5:10  SCV  
  55  5:11  Starport Tech Lab  
  53  5:15  Engineering Bay, SCV, Refinery  
  52  5:21  Supply Depot  
  52  5:22  SCV  
  52  5:23  Stimpack  
  52  5:24  Marauder  
  52  5:25  Marine  
  52  5:26  Marine  
  52  5:27  SCV  
  57  5:32  Refinery  
  57  5:35  SCV, Siege Tank  
  58  5:41  SCV  
  63  5:44  Supply Depot  
  63  5:47  SCV  
  63  5:49  Terran Infantry Weapons Level 1  
  63  5:51  Marine  
  63  5:52  Supply Depot  
  63  5:53  Marine  
  62  5:58  Marine x2  
  62  6:00  Combat Shield  
  62  6:01  SCV  
  62  6:03  SCV  
  66  6:06  Starport Reactor  
  66  6:09  Marine  
  66  6:10  Marine  
  68  6:14  SCV  
  68  6:16  Marauder  
  71  6:19  Siege Tank  
  71  6:22  SCV  
  71  6:24  Marauder  
  77  6:26  Marine  
  77  6:28  Supply Depot  
  77  6:29  SCV  
  77  6:30  Marine  
  80  6:38  Marauder  
  83  6:42  Medivac  
  83  6:44  Medivac  
  83  6:46  Marauder, Marine  
  88  6:47  Marine  
  88  6:51  Supply Depot  
  89  7:00  Command Center  
  90  7:01  Supply Depot, SCV  
  90  7:02  SCV  
  91  7:08  Marine x2  
  91  7:09  Concussive Shells  
  91  7:10  Marine  
  91  7:12  Medivac  
  91  7:13  SCV  
  99  7:15  Marauder  
  99  7:20  Siege Tank  
  102  7:26  Marine  
  102  7:27  Marine  
  102  7:28  Supply Depot  
  104  7:32  Supply Depot  
  104  7:34  SCV  
  105  7:44  Medivac x2  
  105  7:47  Barracks  
  105  7:50  Barracks  
  109  7:54  Marine  
  101  8:02  Marine  
  101  8:03  SCV, Marauder x2  
  102  8:10  Factory Reactor  
  102  8:11  Marine  
  88  8:14  Medivac  
  88  8:15  Medivac  
  85  8:20  Marine  
  85  8:23  SCV  
  85  8:24  Marauder x2  
  83  8:29  Marine  
  79  8:37  SCV  
  79  8:38  Marine  
  79  8:40  Marine  
  73  8:42  SCV  
  66  8:45  Marine  
  66  8:47  Marine  
Show
View Real Time Build Order
Export as new Build Order

Neeb Protoss - Winner!

Build Orders: 1 Gate Expand, Phoenix Opening, Blink Stalkers 

Get SALT Encoding   

  12  0:00  Probe  
  13  0:12  Probe  
  14  0:17  Pylon  
  14  0:24  Probe (Chrono Boost)  
  16  0:37  Probe (Chrono Boost), Gateway  
  16  0:42  Probe (Chrono Boost)  
  16  0:46  Assimilator  
  17  0:51  Probe  
  18  1:03  Probe  
  19  1:15  Probe  
  20  1:23  Nexus  
  20  1:33  Cybernetics Core  
  20  1:36  Probe  
  21  1:40  Assimilator  
  21  1:48  Probe  
  22  1:56  Pylon  
  22  2:00  Probe  
  23  2:09  Warp Gate  
  23  2:11  Stalker (Chrono Boost)  
  23  2:14  Probe  
  26  2:26  Probe (Chrono Boost)  
  28  2:37  Sentry (Chrono Boost)  
  28  2:38  Probe (Chrono Boost)  
  28  2:41  Probe (Chrono Boost)  
  28  2:43  Probe (Chrono Boost)  
  31  2:46  Twilight Council  
  31  2:49  Probe  
  33  2:53  Probe  
  33  2:54  Stalker (Chrono Boost)  
  36  3:01  Probe  
  36  3:03  Phoenix  
  36  3:05  Probe  
  38  3:10  Gateway  
  38  3:13  Blink (Chrono Boost)  
  38  3:14  Probe  
  38  3:17  Probe  
  39  3:26  Probe  
  40  3:28  Pylon  
  40  3:29  Probe  
  41  3:38  Probe  
  41  3:40  Robotics Facility  
  43  3:41  Probe  
  43  3:47  Gateway  
  43  3:50  Probe  
  43  3:53  Probe  
  45  3:56  Pylon  
  45  3:57  Stalker  
  45  4:02  Probe  
  48  4:05  Probe, Stalker  
  48  4:07  Assimilator  
  51  4:14  Probe  
  51  4:15  Pylon  
  52  4:20  Probe  
  53  4:25  Stalker  
  53  4:26  Probe  
  55  4:32  Shield Battery, Pylon  
  55  4:35  Immortal (Chrono Boost)  
  59  4:40  Stalker  
  61  4:48  Stalker  
  61  4:53  Stalker  
  61  4:55  Probe, Gateway  
  57  5:14  Probe  
  57  5:15  Stalker  
  57  5:21  Probe  
  60  5:22  Nexus, Stalker  
  60  5:23  Charge  
  60  5:28  Pylon  
  62  5:30  Probe  
  62  5:31  Forge  
  62  5:34  Probe  
  62  5:35  Observer (Chrono Boost)  
  65  5:36  Sentry  
  65  5:42  Probe  
  68  5:46  Probe  
  68  5:48  Stalker x2  
  73  5:54  Probe  
  71  5:58  Probe  
  71  6:02  Protoss Ground Armor Level 1 (Chrono Boost)  
  72  6:06  Probe  
  72  6:10  Probe  
  74  6:14  Gateway  
  74  6:15  Gateway  
  74  6:17  Observer, Gateway  
  75  6:18  Probe  
  75  6:19  Gateway  
  75  6:22  Shield Battery, Probe  
  77  6:25  Zealot  
  77  6:28  Sentry  
  77  6:31  Probe  
  82  6:35  Probe x2  
  82  6:38  Pylon  
  84  6:42  Pylon  
  84  6:43  Probe  
  84  6:45  Zealot x2  
  89  6:47  Probe  
  89  6:48  Observer  
  89  6:50  Probe  
  89  6:51  Pylon  
  92  6:54  Pylon  
  92  6:55  Zealot x2  
  96  7:06  Pylon  
  96  7:09  Zealot x2, Pylon  
  96  7:12  Robotics Bay, Photon Cannon  
  96  7:13  Zealot  
  102  7:17  Zealot x2  
  106  7:23  Assimilator  
  106  7:24  Assimilator  
  106  7:25  Zealot x2  
  106  7:28  Zealot  
  112  7:37  Zealot x3  
  112  7:38  Zealot  
  112  7:40  Probe  
  120  7:47  Stalker x2  
  120  7:48  Stalker  
  123  7:57  Probe  
  122  8:03  Zealot  
  122  8:04  Zealot x4  
  132  8:06  Probe  
  132  8:07  Probe  
  132  8:12  Colossus (Chrono Boost)  
  126  8:19  Probe  
  125  8:23  Probe x2  
  123  8:31  Probe  
  124  8:41  Zealot x8  
  128  8:42  Probe  
Tags
 
Add a new tag
Caveats
  • Supply blocks, unpowered buildings, or Contaminate may cause inaccurate times.
  • Supply counts are checked every 10 seconds.